 Dungeon Crawl Stone Soup version 0.30-a0-778-g2ef04afb54 (webtiles) character file.

Game seed: 9434623737935572537

114 Smoke131 the Chucker (level 4, -3/45 HPs)
             Began as an Ogre Gladiator on Feb 16, 2023.
             Slain by an orc wizard
             ... wielding a +0 dagger
              (4 damage)
             ... on level 3 of the Dungeon.
             The game lasted 00:04:14 (1586 turns).

Smoke131 the Chucker (Ogre Gladiator)               Turns: 1586, Time: 00:04:15

Health: -3/45      AC:  3    Str: 18    XL:     4   Next: 97%
Magic:  4/4        EV: 10    Int:  9    God:
Gold:   110        SH:  0    Dex: 12    Spells: 3/3 levels left

rFire   . . .      SeeInvis .    a - +0 war axe
rCold   . . .      Faith    .    (no shield)
rNeg    . . .      Spirit   .    b - +0 robe
rPois   .          Reflect  +    c - +0 hat
rElec   .          Harm     .    (no cloak)
rCorr   .          Rampage  .    (gloves unavailable)
Will    .....                    (boots unavailable)
Stlth   +                        k - amulet of reflection
HPRegen 0.27/turn                (no ring)
MPRegen 0.09/turn                (no ring)

@: confused
A: large, unfitting armour, tough skin 1
a: no special abilities


You were on level 3 of the Dungeon.
You visited 1 branch of the dungeon, and saw 3 of its levels.

You collected 110 gold pieces.

Inventory:

Hand Weapons
 a - a +0 war axe (weapon)
Missiles
 d - 3 throwing nets (quivered)
 f - 16 stones
 i - 6 poisoned darts
Armour
 b - a +0 robe (worn)
 c - a +0 hat (worn)
Jewellery
 k - an amulet of reflection (around neck)
 p - a ring of willpower
Scrolls
 g - 5 scrolls of identify
 h - a scroll of enchant weapon {unknown}
 j - 2 scrolls of amnesia {unknown}
 l - 2 scrolls of butterflies {unknown}
 n - a scroll of torment {unknown}
 o - a scroll of noise {unknown}
 q - a scroll of vulnerability {unknown}
Potions
 m - 2 potions of attraction


   Skills:
 - Level 3.0 Fighting
 - Level 3.0 Axes
 + Level 4.6 Throwing
 - Level 3.0 Dodging


You had 3 spell levels left.
You didn't know any spells.
Your spell library contained the following spells:

 Spells                   Type           Power      Damage    Failure   Level
 Freeze                   Ice            0%         1d3       38%         1
 Magic Dart               Conj           0%         1d3       38%         1
 Searing Ray              Conj           0%         2d4       52%         2
 Dazzling Flash           Conj/Hex       0%         N/A       77%         3
 Frozen Ramparts          Ice            0%         1d1       77%         3
 Hailstorm                Conj/Ice       0%         3d3       77%         3
 Fulminant Prism          Conj/Hex       0%         3d5       99%         4
 Iskenderun's Mystic Bla  Conj/Tloc      0%         2d3       99%         4
 Starburst                Conj/Fire      0%         6d3       100%        6


Dungeon Overview and Level Annotations

Branches:
Dungeon (3/15)

Altars:
Gozag


Innate Abilities, Weirdness & Mutations

You are too large for most types of armour.
You have tough skin. (AC +1)


Message History

A magic dart appears from out of thin air!
The magic dart hits you.
You barely miss something. Something hits you.
You barely miss something. Something hits you. x2
You miss something.
You hear some strange, mumbled words.
A magic dart appears from out of thin air!
The magic dart hits you!
You miss something.
You hear some strange, mumbled words.
A puff of flame appears from out of thin air!
The puff of flame misses you.
You slash something! Something hits you.
You hear some strange, mumbled words.
You are confused.
You barely miss something. Something hits you.
Non-targeted confused throw: large rock
Press: ? - help, Q - select action, (/) - cycle Dir - look around, f - activate You throw a large rock.
Something hits you.
* * * LOW HITPOINT WARNING * * *
Something hits you.
* * * LOW HITPOINT WARNING * * *
You bump into the rock wall.
Something hits you.
* * * LOW HITPOINT WARNING * * *
You hear some strange, mumbled words.
You are more confused.
You hear some strange, mumbled words.
You are more confused.
You hear some strange, mumbled words.
Something tries to affect you, but you resist.
An orc wizard appears from thin air!
Reactivating autopickup.
The orc wizard casts a spell at you. The puff of flame hits you!
* * * LOW HITPOINT WARNING * * *
The orc wizard casts a spell at you. The puff of flame misses you.
The orc wizard hits you with a +0 dagger.
You die...

......###.#.# #.###..# ...#.
#.#.#.###.#.#.##.#....##.....
#.............##...........#
#.#.#####.###.##.###..##...##.
#.#...........##..()..........
#.........###.##.###.#.#......
#..............o.# #.#........
#..######.#...##o# #..........
..............##@#####.##....#
##.##.###..............# .....
##.##.# ###....#.##....# ...#
##.##.# #............# ..#
##.##.#####....#..#..### ...
...........†.........##
##.########.#.........# #.#
#.#.##...#.## #.#
#####..........###


You could see an orc wizard and an orc.

Vanquished Creatures
  A hound (D:3)
  2 adders
  2 worms (D:2)
  2 dart slugs
  8 ball pythons
  3 bats
  4 endoplasms
  3 giant cockroaches
  5 goblins
  7 hobgoblins
  4 kobolds
  4 quokkas
  3 frilled lizards
  4 rats
52 creatures vanquished.

Notes
Turn   | Place    | Note
-------+----------+-------------------------------------------
     0 | D:1      | Smoke131 the Ogre Gladiator began the quest for the Orb.
     0 | D:1      | Reached XP level 1. HP: 22/22 MP: 1/1
   142 | D:1      | Reached XP level 2. HP: 19/31 MP: 2/2
   391 | D:1      | Reached XP level 3. HP: 34/37 MP: 3/3
   428 | D:1      | Reached skill level 3 in Throwing
   969 | D:2      | Reached XP level 4. HP: 14/45 MP: 4/4
  1127 | D:2      | Reached skill level 4 in Throwing
  1316 | D:2      | Found an opulent altar of Gozag.
  1584 | D:3      | HP: 1/45 [orc wizard/puff of flame (9)]
  1586 | D:3      | Slain by an orc wizard

Illustrated notes

Levels and vault maps discovered:
D:1:      dpeg_arrival_simpleton_a, layout_basic
D:2:      layout_rooms, basic_altar
D:3:      layout_basic, uniq_ijyb

Skill      XL: |  1  2  3  4 |
---------------+-------------+-----
Fighting       | 3 |  3.0
Dodging        | 3 |  3.0
Throwing       | 3 4 |  4.6
Axes           | |  3.0

Action                     |  1- 3 |  4- 6 || total
---------------------------+-------+-------++-------
  Melee: War axe           |   109 |    52 ||   161
  Throw: Large rock        |       |     1 ||     1
    Use: Scroll            |       |     1 ||     1
   Stab: Sleeping          |     1 |       ||     1
 Armour: Robe              |    33 |    14 ||    47
  Dodge: Dodged            |    63 |    19 ||    82
  Block: Other             |    14 |    10 ||    24

Table legend: (Time is in decaauts)
 A = Elapsed time spent in this place.
 B = Non-inter-level travel time spent in this place.
 C = Inter-level travel time spent in this place.
 D = Time resting spent in this place.
 E = Time spent auto-exploring this place.
 F = Levels seen in this place.
 G = Mean time per level.
                   A        B        C        D        E       F      G
               +--------+--------+--------+--------+--------+-----+--------+
         Total |   1643 |   1624 |     19 |    138 |    853 |   3 |  547.7 |
       Dungeon |   1643 |   1624 |     19 |    138 |    853 |   3 |  547.7 |
               +--------+--------+--------+--------+--------+-----+--------+

Top non-repeatable levels by time:
     D:1: 796 daAuts
     D:2: 582 daAuts
     D:3: 264 daAuts
